 Dungeon Crawl Stone Soup version 0.32-a0-616-g9348d4545b (webtiles) character file.

Game seed: 18364987697841304930

23 javelincjr the Grasshopper (level 2, 0/23 HPs)
             Began as a Demonspawn Warper on Mar 5, 2024.
             Slain by a goblin
             ... wielding a +0 club
             ... led by Robin
              (6 damage)
             ... on level 2 of the Dungeon.
             The game lasted 00:02:05 (969 turns).

javelincjr the Grasshopper (Demonspawn Warper)       Turns: 969, Time: 00:02:06

Health: 0/23       AC:  3    Str: 11    XL:     2   Next: 72%
Magic:  5/5        EV: 11    Int: 13    God:
Gold:   62         SH:  0    Dex: 12    Spells: 5/5 levels left

rFire   . . .        a - +0 spear
rCold   . . .        (no shield)
rNeg    . . .        b - +0 leather armour
rPois   .            (no helmet)
rElec   .            (no cloak)
rCorr   .            (no gloves)
SInv    .            (no boots)
Will    .....        (no amulet)
Stlth   +            (no ring)
HPRegen 0.23/turn    (no ring)
MPRegen 0.09/turn

%: no passive effects
@: wreathed by umbra
A: foul shadow 1
a: no special abilities


You were on level 2 of the Dungeon.
You visited 1 branch of the dungeon, and saw 2 of its levels.

You collected 62 gold pieces.

Inventory:

Hand Weapons
 a - a +0 spear (weapon)
Missiles
 d - 7 darts of dispersal (quivered)
 i - 4 poisoned darts
Armour
 b - a +0 leather armour (worn)
Scrolls
 c - a scroll of blinking
 e - 2 scrolls of summoning {unknown}
 f - a scroll of identify {unknown}
 h - a scroll of fear {unknown}
Potions
 g - a potion of curing {unknown}
 j - a potion of berserk rage {unknown}


   Skills:
 * Level 2.3 Fighting
 + Level 2.0 Polearms
 - Level 1.0 Throwing
 + Level 1.3 Armour
 + Level 2.0 Dodging
 + Level 2.1 Spellcasting
 + Level 2.8 Translocations


You had 5 spell levels left.
You didn't know any spells.
Your spell library contained the following spells:

 Spells                   Type           Power      Damage    Failure   Level
 Blink                    Tloc           16%        N/A       16%         2
 Lesser Beckoning         Tloc           16%        N/A       16%         2
 Teleport Other           Tloc           8%         N/A       30%         3
 Manifold Assault         Tloc           8%         N/A       71%         4
 Vhi's Electric Charge    Tloc/Air       10%        N/A       88%         4


Dungeon Overview and Level Annotations

Branches:
Dungeon (2/15)

Altars:

Annotations:
D:2 Robin


Innate Abilities, Weirdness & Mutations

You are faintly shadowed, very rarely releasing foul flame when damaged in melee.


Message History

Your Dodging skill increases to level 2!
Robin says, "My goblins will feast on your bones."
Robin roars a battlecry!
The goblins go into a battle-frenzy!
A hobgoblin comes into view.
The hobgoblin shouts!
You hit the goblin.
You kill the goblin!
Robin throws the goblin at you!
You hit the goblin.
You kill the goblin!
You hit the hobgoblin.
You kill the hobgoblin!
Your Polearms skill increases to level 2!
You hit the goblin.
You kill the goblin!
A goblin comes into view. It is wielding a +0 dagger.
Robin says, "Bow before me, strongest of all the hobgoblins!"
Robin throws the goblin at you!
You barely miss the goblin.
The goblin shouts!
The goblin hits you with a +0 dagger.
You closely miss the goblin.
A goblin comes into view. It is wielding a +0 dagger.
The goblin hits you with a +0 club. The goblin hits you but does no damage.
You hit the goblin.
You kill the goblin!
The goblin barely misses you.
You closely miss the goblin. The goblin barely misses you.
Robin throws the goblin at you!
You closely miss the goblin. The goblin barely misses you.
The goblin hits you with a +0 dagger.
You hit the goblin.
You kill the goblin!
The goblin hits you with a +0 club.
* * * LOW HITPOINT WARNING * * *
You hit the goblin.
The goblin is severely wounded.
The goblin hits you with a +0 club.
You die...

......g.#.#.#
.g.g......#.######
.g....g..##......#
...g.#.#..#......#
... +.##.g.†....#
. ## ###.g#####
##gg# ##g# #@##
#.)# ##.######
#...##.. ###.##.#
#.##.# #.##.####
#.##.##<#
#....##.#


You could see Robin, a hobgoblin (strong) and 3 goblins.

Vanquished Creatures
  A dart slug (D:1)
  2 bats (D:1)
  An endoplasm (D:1)
  A giant cockroach (D:1)
  7 goblins
  A hobgoblin (D:2)
  2 ball pythons
  3 kobolds (D:1)
  A rat (D:1)
19 creatures vanquished.

Notes
Turn   | Place    | Note
-------+----------+-------------------------------------------
     0 | D:1      | javelincjr the Demonspawn Warper began the quest for the
                  | Orb.
     0 | D:1      | Reached XP level 1. HP: 16/16 MP: 3/3
   173 | D:1      | Reached skill level 1 in Throwing
   173 | D:1      | Reached skill level 1 in Armour
   282 | D:1      | Gained mutation: You are faintly shadowed, very rarely
                  | releasing foul flame when damaged in melee. [demonic
                  | ancestry]
   282 | D:1      | Reached XP level 2. HP: 21/22 MP: 5/5
   948 | D:2      | Noticed Robin
   969 | D:2      | Slain by a goblin

Illustrated notes

Levels and vault maps discovered:
D:1:      dpeg_arrival_water_fire, layout_loops_ring, corexii_hall_statues_s
D:2:      layout_basic, basic_altar, ebering_ecumenical_altar_webs,
          minmay_joined_circles, uniq_robin

Skill      XL: |  1  2 |
---------------+-------+-----
Throwing       | 1 |  1.0
Armour         | 1 |  1.3
Dodging        | 2 |  2.0
Polearms       | 2 |  2.0
Fighting       | |  2.3
Spellcasting   | |  2.1
Translocations | |  2.8

Action                     || total
---------------------------++-------
  Melee: Spear             ||    54
 Armour: Leather armour    ||    28
  Dodge: Dodged            ||    21

Table legend: (Time is in decaauts)
 A = Elapsed time spent in this place.
 B = Non-inter-level travel time spent in this place.
 C = Inter-level travel time spent in this place.
 D = Time resting spent in this place.
 E = Time spent auto-exploring this place.
 F = Levels seen in this place.
 G = Mean time per level.
                   A        B        C        D        E       F      G
               +--------+--------+--------+--------+--------+-----+--------+
         Total |    974 |    947 |     27 |      0 |    829 |   2 |  487.0 |
       Dungeon |    974 |    947 |     27 |      0 |    829 |   2 |  487.0 |
               +--------+--------+--------+--------+--------+-----+--------+

Top non-repeatable levels by time:
     D:1: 922 daAuts
     D:2: 51 daAuts
